 Dungeon Crawl Stone Soup version 5.7-8-g3a8b389 (webtiles) character file.

437 Psymania the Grasshopper (level 8, -5/64 HPs)
             Began as a Gnoll Wanderer on Jan 24, 2020.
             Was an Initiate of Gozag.
             Slain by an ice beast (14 damage)
             ... on level 6 of the Dungeon.
             The game lasted 00:32:00 (6329 turns).

Psymania the Grasshopper (Gnoll Wanderer)           Turns: 6329, Time: 00:32:01

Health: -5/64      AC:  4 (0%)Str: 18   XL:     8   Next: 45%
Magic:  0/12       EV: 13    Int: 12    God:    Gozag
Gold:   466        SH:  9    Dex: 12    Spells: 4/13 levels left

rFire    + . .     SeeInvis .   a - +0 flail of Growth {pain, Str+3}
rCold    . . .     Faith    .   j - +0 shield
rNeg     + . .     Spirit   .   e - +2 robe {rN+}
rPois    .         Reflect  .   (no helmet)
rElec    .                      (no cloak)
rCorr    +                      (no gloves)
MR       .....                  (no boots)
Stlth    +++.......             p - amulet of destruction
Regen    0.2/turn               b - ring of fire
MPRegen  0.2/turn               f - ring of resist corrosion

@: gold aura
A: no striking features
a: Potion Petition, Call Merchant, Bribe Branch, Renounce Religion


You were on level 6 of the Dungeon.
You worshipped Gozag.
Gozag was aware of your devotion.
You were not hungry.

You visited 1 branch of the dungeon, and saw 6 of its levels.

You collected 667 gold pieces.
You paid 201 gold pieces to Gozag.

Inventory:

Hand Weapons
 a - the +0 flail of Growth (weapon) {pain, Str+3}
   (You found it on level 4 of the Dungeon)

   In the hands of one skilled in necromantic magic, it inflicts extra damage on
   living creatures.
   It affects your strength (+3).
 s - a +0 dagger of holy silver
Missiles
 A - 3 tomahawks (quivered)
Armour
 e - a +2 robe of positive energy (worn)
 j - a +0 shield (worn)
 n - +0 gold dragon scales
Jewellery
 b - a ring of fire (left hand)
 f - a ring of resist corrosion (right hand)
 p - an amulet of destruction (around neck)
Scrolls
 d - 2 scrolls of enchant weapon
 h - 2 scrolls of amnesia
 i - 2 scrolls of magic mapping
 k - a scroll of fear
 o - 2 scrolls of enchant armour
Potions
 c - a potion of lignification
 g - 4 potions of ambrosia
 l - a potion of heal wounds
 m - 2 potions of cancellation
 q - 2 potions of mutation


   Skills:
 + Level 6.0 Fighting
 + Level 4.5 Blades
 + Level 4.5(5.3) Axes
 + Level 4.5 Maces & Staves
 + Level 6.0 Polearms
 + Level 4.5 Bows & Xbows
 + Level 6.0 Throwing
 + Level 4.5 Armour
 + Level 6.0 Dodging
 + Level 4.5 Stealth
 + Level 4.5 Shields
 + Level 4.5 Unarmed Combat
 + Level 4.5 Hexes
 + Level 4.5 Charms
 + Level 4.5 Summonings
 + Level 4.5 Necromancy
 + Level 11.7 Translocations
 + Level 4.5 Transmutations
 + Level 4.5 Fire Magic
 + Level 4.5 Ice Magic
 + Level 4.5 Air Magic
 + Level 4.5 Earth Magic
 + Level 4.5 Invocations
 + Level 6.0 Evocations


You had 4 spell levels left.
You knew the following spells:

 Your Spells              Type           Power        Failure   Level  Hunger
a - Blink                 Tloc           N/A          1%          2    N/A
b - Teleport Other        Tloc           28 (100)     3%          3    N/A
c - Passage of Golubria   Tloc           N/A          10%         4    N/A

Your spell library contained the following spells:

 Spells                   Type           Power        Failure   Level  Hunger
 Magic Dart               Air            10 (25)      21%         1    N/A
 Summon Ice Beast         Ice/Summ       10 (100)     89%         4    N/A
 Call Canine Familiar     Summ           10 (100)     52%         3    N/A
 Summon Butterflies       Summ           10 (100)     21%         1    N/A
 Static Discharge         Air            10 (100)     52%         3    N/A
 Summon Hydra             Summ           10 (200)     100%        7    N/A
 Summon Mana Viper        Hex/Summ       10 (100)     99%         5    N/A
 Lesser Beckoning         Tloc           28 (100)     3%          3    N/A

Dungeon Overview and Level Annotations

Branches:
Dungeon (6/15)

Altars:
Cheibriados
Dithmenos
Gozag
Jiyva
Kikubaaqudgha
Makhleb
Nemelex Xobeh
Okawaru
Qazlal
Ru
Trog
Uskayaw
Vehumet
Wu Jian
Yredelemnul
Zin
The Shining One

Annotations:
D:6 Menkaure


Message History

Aim: an orc priest, wielding a +0 flail (chance to defeat MR: 68%)
The orc priest struggles to resist.
You feel sick.
The orc warrior disappears!
You block the orc priest's attack.
You enter the passage of Golubria.
You feel sick.
An ice beast comes into view.
Menkaure calls on the powers of darkness!
Your body is wracked with pain!
* * * LOW HITPOINT WARNING * * *
There is a passage of Golubria here.
This passage doesn't lead anywhere!
Casting: Teleport Other (safe; 3% risk of failure)
Confirm with . or Enter, or press ? or * to list all spells.
You blink.
You feel sick.
You are no longer poisoned.
The orc wizard casts a spell.
The orc wizard blinks!
The ice beast hits you (3).
* * * LOW HITPOINT WARNING * * *
The ice beast freezes you (14)!
You die...
Your body crumbles into a pile of gold.

#. ##.....## ..
#..#.......#...
..#.......#..
#....._.....
#.#.......# ##
#.#.......# ..#
#.##..Z..# ...
#.####Y####.###.
#§§o.o@..o.....#
#####M.....o...#
####§.......
#.......#
#.......#
#.......#
.....#### ###..#
..#


You could see an orc warrior, an ice beast, Menkaure, an orc priest, an orc
wizard, an orc and a howler monkey skeleton.

Vanquished Creatures
  A water moccasin (D:5)
  2 ogres (D:4)
  3 centaurs (D:5)
  A scorpion (D:5)
  3 howler monkeys
  4 orc priests
  A hound (D:4)
  4 orc wizards
  3 worker ants
  2 iguanas (D:5)
  6 adders
  3 oozes
  4 dart slugs
  5 orcs
  9 quokkas
  2 ball pythons
  5 giant cockroaches
  7 goblins
  5 hobgoblins
  5 jackals
  8 bats
  13 frilled lizards
  2 kobolds
  5 rats
103 creatures vanquished.

Vanquished Creatures (others)
  A rat (D:1)
1 creature vanquished.

Grand Total: 104 creatures vanquished

Notes
Turn   | Place    | Note
-------+----------+-------------------------------------------
     0 | D:1      | Psymania the Gnoll Wanderer began the quest for the Orb.
     0 | D:1      | Psymania set off with: a potion of lignification, a +0 robe, a +0 dagger
     0 | D:1      | Reached XP level 1. HP: 17/17 MP: 2/2
   402 | D:1      | Reached XP level 2. HP: 11/23 MP: 3/3
   964 | D:1      | Reached XP level 3. HP: 29/29 MP: 5/5
  1597 | D:1      | Learned a level 2 spell: Blink
  1598 | D:1      | Learned a level 3 spell: Teleport Other
  1754 | D:2      | Reached XP level 4. HP: 26/37 MP: 6/6
  2261 | D:2      | Found an opulent altar of Gozag.
  2311 | D:2      | Found a faded altar of an unknown god.
  2711 | D:2      | Became a worshipper of Gozag Ym Sagoz the Greedy
  2781 | D:3      | Found an iron altar of Okawaru.
  2793 | D:3      | Found a viscous altar of Jiyva.
  2793 | D:3      | Found a glowing golden altar of the Shining One.
  3001 | D:3      | Found a sacrificial altar of Ru.
  3001 | D:3      | Found a basalt altar of Yredelemnul.
  3009 | D:3      | Reached XP level 5. HP: 43/43 MP: 8/8
  3257 | D:3      | Found a radiant altar of Vehumet.
  3341 | D:3      | Found a glowing silver altar of Zin.
  3403 | D:3      | Found a bloodstained altar of Trog.
  3485 | D:3      | Found an ornate altar of the Wu Jian Council.
  3549 | D:3      | Found a sparkling altar of Nemelex Xobeh.
  3904 | D:4      | Noticed an ogre
  3909 | D:4      | Killed an ogre
  3909 | D:4      | Reached XP level 6. HP: 50/50 MP: 9/9
  4083 | D:4      | Got the +0 flail of Growth {pain, Str+3}
  4337 | D:4      | Reached XP level 7. HP: 27/56 MP: 11/11
  4534 | D:4      | Found a stormy altar of Qazlal.
  4534 | D:4      | Found a burning altar of Makhleb.
  4994 | D:4      | Learned a level 4 spell: Passage of Golubria
  5032 | D:5      | Entered Level 5 of the Dungeon
  5209 | D:5      | Found an ancient bone altar of Kikubaaqudgha.
  5244 | D:5      | Found a snail-covered altar of Cheibriados.
  5535 | D:5      | Reached XP level 8. HP: 63/64 MP: 12/12
  5596 | D:5      | Found a hide-covered altar of Uskayaw.
  6305 | D:6      | Found a shadowy altar of Dithmenos.
  6321 | D:6      | Noticed Menkaure
  6329 | D:6      | Slain by an ice beast

Action                   |  1- 3 |  4- 6 |  7- 9 || total
-------------------------+-------+-------+-------++-------
Melee: Dagger            |   126 |     6 |     5 ||   137
       Whip              |    57 |    10 |       ||    67
       Hand axe          |       |   101 |       ||   101
       War axe           |       |    30 |       ||    30
       Flail             |       |    42 |    98 ||   140
Throw: Tomahawk          |       |       |     1 ||     1
 Cast: Teleport Other    |       |     1 |     2 ||     3
       Passage of Golubr |       |       |     2 ||     2
       Blink             |       |       |     1 ||     1
Invok: Potion Petition   |       |       |     2 ||     2
Evoke: Wand              |       |     8 |       ||     8
  Use: Potion            |     1 |     4 |     2 ||     7
 Stab: Sleeping          |     3 |     6 |     5 ||    14
       Distracted        |       |     1 |       ||     1
Armor: Plate armour      |    11 |       |       ||    11
       Leather armour    |     8 |       |       ||     8
       Skin              |     8 |       |       ||     8
       Robe              |    50 |    38 |     9 ||    97
Dodge: Dodged            |   102 |    81 |    41 ||   224
Block: Shield            |       |    59 |    47 ||   106
